 Dungeon Crawl Stone Soup version 0.21-a0-273-g0785366 (webtiles) character file.

19 4thArraOfDagon the Firebug (level 2, 0/21 HPs)
             Began as a Demonspawn Fire Elementalist on Sept 16, 2017.
             Was an Initiate of Qazlal.
             Slain by a centaur (8 damage)
             ... on level 3 of the Dungeon.
             The game lasted 00:04:14 (550 turns).

4thArraOfDagon the Firebug (DsFE)                    Turns: 550, Time: 00:04:15

Health: 0/21       AC:  3    Str:  8    XL:     2   Next: 55%
Magic:  5/5        EV: 12    Int: 21    God:    Qazlal [......]
Gold:   63         SH:  0    Dex: 13    Spells: 4/5 levels left

rFire    . . .     SeeInvis .     - Unarmed
rCold    . . .     Gourm    .   (no shield)
rNeg     . . .     Faith    .   a - +0 robe
rPois    .         Spirit   .   (helmet restricted)
rElec    .         Reflect  .   (no cloak)
rCorr    .         Harm     .   f - +0 pair of gloves
MR       .....                  (no boots)
Stlth    +.........             (no amulet)
HPRegen  0.07/turn              (no ring)
MPRegen  0.09/turn              (no ring)

@: confused, brilliant, hasted, very quick
A: antennae 1
a: Renounce Religion


You were on level 3 of the Dungeon.
You worshipped Qazlal.
Qazlal was noncommittal.
You were not hungry.

You visited 1 branch of the dungeon, and saw 3 of its levels.

You collected 63 gold pieces.

Inventory:

Hand Weapons
 k - a +0 blowgun
Missiles
 l - 9 poisoned needles
Armour
 a - a +0 robe (worn)
 f - a +0 pair of gloves (worn)
Potions
 j - a potion of lignification {unknown}
Books
 b - a book of Flames

   Spells                             Type                      Level
   a - Flame Tongue                   Conjuration/Fire             1
   b - Throw Flame                    Conjuration/Fire             2
   c - Conjure Flame                  Conjuration/Fire             3
   d - Inner Flame                    Hexes/Fire                   3
   e - Sticky Flame                   Conjuration/Fire             4
   f - Fireball                       Conjuration/Fire             5
Comestibles
 c - 2 bread rations
 m - a royal jelly


   Skills:
 + Level 1.2 Fighting
 - Level 1.7 Dodging
 - Level 1.7 Stealth
 * Level 1.4 Unarmed Combat
 - Level 2.0 Spellcasting
 - Level 1.0 Conjurations
 - Level 2.6 Fire Magic
 + Level 0.3 Invocations


You had 4 spell levels left.
You knew the following spells:

 Your Spells              Type           Power        Failure   Level  Hunger
a - Flame Tongue          Conj/Fire      ###..        1%          1    #......


Dungeon Overview and Level Annotations

Branches:
Dungeon (3/15)

Altars:
Qazlal
Trog
Wu Jian


Innate Abilities, Weirdness & Mutations

You have a pair of small antennae on your head.


Message History

Unknown command.
It was a potion of haste.
You feel yourself speed up. The centaur barely misses you.
It was a potion of curing.
You feel better. The centaur hits you.
Casting: Flame Tongue
Confirm with . or Enter, or press ? or * to list all spells.
Aiming: Flame Tongue
Press: ? - help, Shift-Dir - straight line, f/p - centaur
Aim: a centaur (heavily wounded)
The flame tongue hits the centaur.
The centaur is severely wounded.
The centaur hits you!
* * * LOW HITPOINT WARNING * * *
Unknown command.
You are confused.
You feel invigorated. The centaur misses you. The centaur barely misses you.
Unknown command.
The centaur hits you!
You die...

## ####.####
###.......#
........((#
.#.....c#(##########
....c..........<)..#
##...#.##K########.#
.....#.##c#
###.....@.#
#.......# ##.....##
#....... #.........
+.........+
#.........#
##.......##


You could see a centaur and a kobold.

Vanquished Creatures
  A leopard gecko (D:3)
  2 giant cockroaches
  2 goblins
  A hobgoblin (D:1)
  4 jackals (D:3)
  2 bats
  A frilled lizard (D:2)
  A kobold (D:3)
  2 rats
16 creatures vanquished.

Notes
Turn   | Place    | Note
-------+----------+-------------------------------------------
     0 | D:1      | 4thArraOfDagon the Demonspawn Fire Elementalist began the quest for the Orb.
     0 | D:1      | Reached XP level 1. HP: 13/13 MP: 3/3
   113 | D:2      | Found an ornate altar of the Wu Jian Council.
   117 | D:2      | Found a bloodstained altar of Trog.
   173 | D:2      | Reached skill level 1 in Unarmed Combat
   328 | D:3      | Reached skill level 1 in Fighting
   328 | D:3      | Gained mutation: You have a pair of small antennae on your head. [demonic ancestry]
   328 | D:3      | Reached XP level 2. HP: 21/21 MP: 3/5
   357 | D:3      | Found a stormy altar of Qazlal.
   381 | D:3      | Became a worshipper of Qazlal Stormbringer
   530 | D:3      | Noticed a centaur
   547 | D:3      | HP: 1/21 [centaur (10)]
   550 | D:3      | Slain by a centaur

Vault maps used:
D:1:      dpeg_arrival_boxorama
D:2:      nicolae_overflow_hidden_temple, first_bread
D:3:      grunt_qazlal_sundering

Skill      XL: |  1 |
---------------+----+-----
Unarmed Combat | 1 |  1.4
Fighting       | 1 |  1.2
Dodging        | |  1.7
Stealth        | |  1.7
Spellcasting   | |  2.0
Conjurations   | |  1.0
Fire Magic     | |  2.6
Invocations    | |  0.3

Action                   || total
-------------------------++-------
Melee: Unarmed           ||    28
 Cast: Flame Tongue      ||    29
  Use: Potion            ||     4
       Scroll            ||     1
Armor: Robe              ||    18
Dodge: Dodged            ||    46

Table legend:
 A = Spawn XP
 B = Non-spawn XP
 C = Spawn XP percentage of total XP
 D = Spawn monster count
 E = Non-spawn monster count
 F = Spawn count percentage of total count
 G = Total turns spent on level
                    A         B        C        D         E        F      G
               +---------+---------+-------+---------+---------+-------+---------
         Total |       0 |      28 |   0.0 |       0 |      16 |   0.0 |   550
               +---------+---------+-------+---------+---------+-------+---------
           D:1 |       0 |       3 |   0.0 |       0 |       2 |   0.0 |   112
           D:2 |       0 |       7 |   0.0 |       0 |       5 |   0.0 |   199
           D:3 |       0 |      18 |   0.0 |       0 |       9 |   0.0 |   239
               +---------+---------+-------+---------+---------+-------+---------
